 Dungeon Crawl Stone Soup version 0.30.0-10-gfe55d96785 (webtiles) character file.

Game seed: 11262298048581901555

143 qw the Chopper (level 5, -2/32 HPs)
             Began as a Gargoyle Cinder Acolyte on May 17, 2023.
             Was a High Priest of Ignis.
             Slain by an ogre
             ... wielding a +0 giant spiked club
              (32 damage)
             ... on level 4 of the Dungeon.
             The game lasted 00:01:34 (3031 turns).

qw the Chopper (Gargoyle Cinder Acolyte)            Turns: 3031, Time: 00:01:34

Health: -2/32      AC: 11    Str: 19    XL:     5   Next: 25%
Magic:  6/6        EV:  9    Int: 15    God:    Ignis [*****.]
Gold:   221        SH:  0    Dex:  5    Spells: 6/6 levels left

rFire   + . .        Y - -1 hand axe (flame)
rCold   . . .        (no shield)
rNeg    + . .        k - +0 scale mail
rPois   inf          a - +0 helmet
rElec   +            (no cloak)
rCorr   .            (no gloves)
SInv    .            (no boots)
Will    +....        g - amulet of regeneration Stlth
                     c - ring of willpower
HPRegen 1.05/turn    (no ring)
MPRegen 0.10/turn

%: no passive effects
@: no status effects
A: sickness immunity, AC +4, negative energy resistance 1, electricity
resistance, torment resistance 1, petrification resistance
a: Renounce Religion, Fiery Armour, Foxfire Swarm, Rising Flame


You were on level 4 of the Dungeon.
You worshipped Ignis.
Ignis was extremely pleased with you.
You visited 1 branch of the dungeon, and saw 4 of its levels.

You collected 221 gold pieces.


Innate Abilities, Weirdness & Mutations

You are immune to sickness and miasma.
Your stone body is resilient. (AC +4)
You are immune to poison.
You resist negative energy. (rN+)
You are resistant to electric shocks. (rElec)
You are resistant to unholy torment.
You are immune to petrification.


   Skills:
 + Level 3.6 Fighting
 - Level 5.0 Axes
 - Level 1.0 Armour
 - Level 1.0 Spellcasting
 - Level 3.0 Fire Magic


You had 6 spell levels left.
You didn't know any spells.
Your spell library contained the following spells:

 Spells                   Type           Power      Damage    Failure   Level
 Scorch                   Fire           18%        2d6       32%         2

Inventory:

Hand Weapons
 Y - a -1 hand axe of flaming (weapon)
Armour
 a - a +0 helmet (worn)
 k - a +0 scale mail (worn)
 m - a +0 pair of boots
 n - a +0 cloak
Jewellery
 c - a ring of willpower (left hand)
 g - an amulet of regeneration (around neck)
Scrolls
 i - 2 scrolls of identify
 j - a scroll of teleportation
 o - a scroll of enchant weapon {unknown}
Potions
 b - a potion of attraction {unknown}
 d - a potion of magic {unknown}
 e - a potion of heal wounds {unknown}
 f - a potion of resistance {unknown}
 h - a potion of degeneration {unknown}
 l - a potion of haste {unknown}
 p - a potion of curing {unknown}

Dungeon Overview and Level Annotations

Branches:
Dungeon (4/15)
 Temple: D:4-7

Altars:
Dithmenos
Uskayaw
The Shining One


Message History

The jackal is heavily wounded.
The jackal barely misses you. x2
You hit the jackal. You burn the jackal.
The jackal is almost dead.
The jackal bites you.
You miss the jackal.
The jackal is almost dead.
The jackal bites you but does no damage.
You hit the jackal. You burn the jackal.
You kill the jackal!
You see here a jackal corpse.
o - a scroll labelled QAPOL GAOJ
Found 8 stones.
p - a fizzy brown potion
There is a stone staircase leading up here.
A ball python comes into view.
The ball python hisses angrily.
The ball python moves out of view.
You hit the ball python. You burn the ball python.
You kill the ball python!
You see here a ball python corpse.
You see here a ball python corpse.
You see here a +0 quarterstaff.
There is an open door here.
You open the door.
There is an open door here.
You now have 204 gold pieces (gained 17).
You now have 221 gold pieces (gained 17).
An ogre comes into view. It is wielding a +0 giant spiked club.
Found a twisted smoking staff.
The ogre shouts!
You hit the ogre but do no damage.
The ogre hits you with a +0 giant spiked club.
You hit the ogre. You burn the ogre.
The ogre is moderately wounded.
You closely miss the ogre.
The ogre is moderately wounded.
The ogre hits you with a +0 giant spiked club!!
Ouch! That really hurt!
You die...

.......####
.).>....)..
###'#########.### #
#.............. #
#..#...#.## #.#
#..#...#### #.####
###.........#.#.#..#
).........###.#.#..#
................@..#
.........####.#.#O##
........## # #.#|#
........# #.#.#
........# #.#..
........#####.#.###
#..#####......#..#
'..# #.#######.#
#### #...#.....# ###


You could see an ogre.

Vanquished Creatures
  Natasha (twice) (D:3)
  An adder (D:2)
  3 dart slugs
  An orc (D:4)
  9 endoplasms
  4 giant cockroaches
  5 goblins
  4 hobgoblins
  10 jackals
  3 kobolds
  3 quokkas
  11 ball pythons
  4 bats
  4 frilled lizards
  5 rats
69 creatures vanquished.

Notes
Turn   | Place    | Note
-------+----------+-------------------------------------------
     0 | D:1      | qw the Gargoyle Cinder Acolyte began the quest for the Orb.
     0 | D:1      | Reached XP level 1. HP: 14/14 MP: 2/2
     0 | D:1      | 0 ||| qw: Version: 0.2-a-95-g4c1bab1
     0 | D:1      | 0 ||| qw: Game counter: 86
     0 | D:1      | 0 ||| qw: Always use a shield: true
     0 | D:1      | 0 ||| qw: God list: Okawaru
     0 | D:1      | 0 ||| qw: Allow faded altars: false
     0 | D:1      | 0 ||| qw: Do Orc after D:15 true
     0 | D:1      | 0 ||| qw: Do second Lair branch before Depths: true
     0 | D:1      | 0 ||| qw: Lair rune preference: random
     0 | D:1      | 0 ||| qw: Plans: Normal
     0 | D:1      | 0 ||| PLANNING D:1-11
    33 | D:1      | 33 ||| Stepping ~*~*~tactically~*~*~ (hiding).
    38 | D:1      | Reached skill level 3 in Axes
   146 | D:1      | Reached XP level 2. HP: 19/19 MP: 3/3
   395 | D:1      | 395 ||| Stepping ~*~*~tactically~*~*~ (hiding).
   619 | D:1      | Reached XP level 3. HP: 23/23 MP: 4/4
  1027 | D:1      | 1027 ||| UPGRADING to +0 leather armour.
  1037 | D:1      | 1037 ||| DROPPING +0 robe.
  1038 | D:1      | 1038 ||| UPGRADING to +0 ring mail.
  1048 | D:1      | 1048 ||| DROPPING +0 leather armour.
  1049 | D:1      | 1049 ||| UPGRADING to amulet of regeneration.
  1054 | D:1      | 1054 ||| READING scroll labelled DISEXO ICYNAPN.
  1055 | D:1      | 1055 ||| READING scroll labelled OSUENAETZEW.
  1058 | D:1      | 1058 ||| DRINKING 2 green potions.
  1059 | D:1      | 1059 ||| DROPPING potion of flight.
  1145 | D:2      | Reached skill level 4 in Axes
  1299 | D:2      | Found a hide-covered altar of Uskayaw.
  1316 | D:2      | Reached skill level 1 in Armour
  1513 | D:2      | Reached XP level 4. HP: 28/28 MP: 5/5
  1529 | D:2      | 1529 ||| UPGRADING to +0 scale mail.
  1539 | D:2      | 1539 ||| DROPPING +0 ring mail.
  1540 | D:2      | 1540 ||| UPGRADING to ring of willpower.
  1541 | D:2      | 1541 ||| READING 2 scrolls labelled CUGANUUF CIATS.
  1542 | D:2      | 1542 ||| READING scroll labelled XOHUOSA ZOTTO.
  1543 | D:2      | 1543 ||| DRINKING 2 grey potions.
  1544 | D:2      | 1544 ||| DROPPING potion of invisibility.
  1557 | D:3      | 1557 ||| Stepping ~*~*~tactically~*~*~ (stealth).
  1558 | D:3      | 1558 ||| Stepping ~*~*~tactically~*~*~ (stealth).
  1560 | D:3      | 1560 ||| Stepping ~*~*~tactically~*~*~ (stealth).
  1561 | D:3      | 1561 ||| Stepping ~*~*~tactically~*~*~ (stealth).
  2106 | D:3      | Found a shadowy altar of Dithmenos.
  2165 | D:3      | Noticed Natasha
  2174 | D:3      | Killed Natasha
  2318 | D:3      | Noticed Natasha
  2334 | D:3      | 2334 ||| INVOKING Fiery Armour.
  2334 | D:3      | Killed Natasha
  2335 | D:3      | Reached XP level 5. HP: 10/32 MP: 6/6
  2379 | D:3      | 2379 ||| UPGRADING to +0 helmet.
  2384 | D:3      | 2384 ||| READING scroll labelled ICVETY YSTERO.
  2436 | D:4      | Reached skill level 5 in Axes
  2616 | D:4      | 2616 ||| Stepping ~*~*~tactically~*~*~ (stealth).
  2695 | D:4      | Found a glowing golden altar of the Shining One.
  2743 | D:4      | 2743 ||| Stepping ~*~*~tactically~*~*~ (stealth).
  3026 | D:4      | Noticed an ogre
  3031 | D:4      | Slain by an ogre

Levels and vault maps discovered:
D:1:      dpeg_arrival_solitude, layout_loops_ring
D:2:      layout_rooms, basic_altar
D:3:      layout_basic, mainiacjoe_overflow_six_doors_small, uniq_natasha
D:4:      minmay_diamond_boxcup, layout_basic, lemuel_crystal_altar

Skill      XL: |  1  2  3  4  5 |
---------------+----------------+-----
Axes           | 3 4 5 |  5.0
Armour         | 1 |  1.0
Fighting       | |  3.6
Spellcasting   | |  1.0
Fire Magic     | |  3.0

Action                     |  1- 3 |  4- 6 || total
---------------------------+-------+-------++-------
  Melee: Hand axe          |   153 |    99 ||   252
         Punch             |     2 |     1 ||     3
 Invoke: Fiery Armour      |       |     1 ||     1
    Use: Scroll            |     2 |     3 ||     5
         Potion            |     1 |     1 ||     2
   Stab: Sleeping          |     1 |       ||     1
 Armour: Robe              |    53 |       ||    53
         Ring mail         |    19 |       ||    19
         Scale mail        |       |    46 ||    46
  Dodge: Dodged            |    94 |    45 ||   139

Table legend:
 A = Non-vault XP
 B = Vault XP
 C = Vault XP percentage of total XP
 D = Non-vault monster count
 E = Vault monster count
 F = Vault count percentage of total count
                 A         B        C        D         E       F
            +---------+---------+-------+---------+---------+-------
      Total |     170 |      35 |  17.1 |      68 |       1 |   1.4
            +---------+---------+-------+---------+---------+-------
        D:1 |      49 |       0 |   0.0 |      26 |       0 |   0.0
        D:2 |      41 |       0 |   0.0 |      18 |       0 |   0.0
        D:3 |      47 |      35 |  42.7 |       9 |       1 |  10.0
        D:4 |      33 |       0 |   0.0 |      15 |       0 |   0.0
            +---------+---------+-------+---------+---------+-------
